 Dungeon Crawl Stone Soup version 0.18-a0-1225-g5d63bca (webtiles) character file.

130396 M4edhros the Fetichist (level 17, -2/124 HPs)
             Began as an Octopode Artificer on Feb 3, 2016.
             Was a High Priest of Fedhas.
             Killed from afar by a merfolk aquamancer (28 damage)
             ... with a great wave of water
             ... on level 2 of the Shoals.
             The game lasted 02:09:33 (33696 turns).

M4edhros the Fetichist (Octopode Artificer)        Turns: 33696, Time: 02:09:34

Health: -2/124     AC:  4    Str: 11    XL:     17   Next: 7%
Magic:  18/24      EV: 26    Int: 16    God:    Fedhas [*****.]
Gold:   481        SH:  8    Dex: 17    Spells: 5 memorised, 20 levels left

rFire  + . .     SeeInvis +     k - +7 lightning rod (0/13)
rCold  + . .     Gourm    .     n - +2 buckler {AC+3}
rNeg   . . .     Faith    .     (helmet restricted)
rPois  .         Spirit   .     M - amulet of the Air {Inacc +Fly rElec EV+5 RMsl}
rElec  +         Dismiss  .     q - ring of see invisible
rCorr  +         Reflect  .     y - ring of fire
SustAt +         Harm     .     E - ring of stealth
MR     +++..                    H - ring of stealth
Stlth  ++++++++..               u - ring "Unukhlis" {rCorr Dex+2 SInv}
                                w - +3 ring of slaying
                                C - ring of the Harvest {SustAt *Contam rC++ MR+ Stlth+}
                                N - ring of protection from magic

@: repel missiles, extremely resistant to hostile enchantments, extraordinarily
stealthy
A: almost no armour, amphibious, 8 rings, constrict 8, tentacle spike 1,
camouflage 1, blurry vision 1, dopey 1, low mp 2, robust 1, wild magic 2,
gelatinous body 1, evolution 1, MP-powered wands
a: Evolution, Sunlight, Growth, Reproduction, Rain, Renounce Religion, Evoke
Flight


You were on level 2 of the Shoals.
You worshipped Fedhas.
Fedhas was extremely pleased with you.
You were very hungry.

You visited 6 branches of the dungeon, and saw 29 of its levels.
You visited 1 bazaar.
You also visited: Bailey.

You collected 2957 gold pieces.
You spent 2476 gold pieces at shops.

Inventory:

Hand Weapons
 d - the +8 trident of the Octopus King {venom, rElec rPois MR+}
   (You took it off an orc in a bailey)

   It poisons the flesh of those it strikes.
   It insulates you from electricity.
   It protects you from poison.
   It affects your resistance to hostile enchantments.
 m - a +1 demon blade of electrocution
 I - a +2 greatsling of flaming
Missiles
 h - 220 stones (quivered)
 s - 163 sling bullets
Armour
 n - a +2 buckler of protection (worn)
Rods
 k - a +7 lightning rod (0/13) (weapon)
   (You acquired it on level 7 of the Dungeon)
 G - a +4 rod of destruction (11/11)
   (You bought it in a shop in a bazaar)
Jewellery
 q - a ring of see invisible (left tentacle)
 u - the ring "Unukhlis" (on tentacle) {rCorr Dex+2 SInv}
   (You found it on level 10 of the Dungeon)

   [ring of resist corrosion]

   It affects your dexterity (+2).
   It lets you see invisible.
 w - a +3 ring of slaying (on tentacle)
 y - a ring of fire (right tentacle)
 C - the ring of the Harvest (on tentacle) {SustAt *Contam rC++ MR+ Stlth+}
   (You bought it in a shop on level 2 of the Orcish Mines)

   [ring of sustain attributes]

   It sustains your strength, intelligence and dexterity.
   It greatly protects you from cold.
   It affects your resistance to hostile enchantments.
   It causes magical contamination when unequipped.
   It makes you more stealthy.
 E - a ring of stealth (on tentacle)
 H - a ring of stealth (on tentacle)
 L - the amulet "Caiwukh" {+Rage Dex+7}
   (You took it off a wight on level 14 of the Dungeon)

   [amulet of rage]

   It affects your dexterity (+7).
   It lets you go berserk.
 M - the amulet of the Air (around mantle) {Inacc +Fly rElec EV+5 RMsl}
   (You found it on level 14 of the Dungeon)

   [amulet of inaccuracy]

   It reduces the accuracy of all your attacks.
   It affects your evasion (+5).
   It insulates you from electricity.
   It lets you fly.
   It protects you from missiles.
 N - a ring of protection from magic (on tentacle)
 Z - an uncursed amulet of guardian spirit
Wands
 c - a wand of enslavement (6/24)
 Q - a wand of polymorph (15/24)
 R - a wand of disintegration (11/24)
 U - a wand of flame (25/48)
 V - a wand of teleportation (4/9)
Scrolls
 e - 4 scrolls of fear
 g - 2 scrolls of enchant armour
 t - 4 scrolls of blinking
 B - 8 scrolls of teleportation
 F - a scroll of identify
 J - a scroll of fog
 K - 5 scrolls of magic mapping
Potions
 a - a potion of cancellation
 b - a potion of haste
 j - 4 potions of resistance
 r - 2 potions of agility
 v - 3 potions of lignification
 x - 3 potions of ambrosia
 z - 3 potions of might
 A - a potion of curing
Miscellaneous
 i - a lamp of fire (inert)
 D - a phantom mirror
 T - a fan of gales
Comestibles
 f - 12 bread rations
 l - 17 beef jerkies
 S - 17 fruits


   Skills:
 - Level 9.4 Fighting
   Level 1.0 Short Blades
 - Level 11.2 Slings
 - Level 11.7 Dodging
 - Level 4.4 Stealth
 + Level 7.4 Shields
 - Level 9.0 Spellcasting
 - Level 6.2 Hexes
 - Level 7.3 Charms
 - Level 12.0 Invocations
 + Level 16.1 Evocations


You had 20 spell levels left.
You knew the following spells:

 Your Spells              Type           Power        Failure   Level  Hunger
a - Repel Missiles        Chrm/Air       #####.       21%         2    None
b - Swiftness             Chrm/Air       #####...     21%         2    None
c - Regeneration          Chrm/Necr      #####.....   32%         3    #......
d - Inner Flame           Hex/Fire       ######..     36%         3    #......
e - Summon Lightning Spi  Summ/Air       ##......     99%         4    ###....


Dungeon Overview and Level Annotations

Branches:
Dungeon (15/15)            Temple (1/1) D:4            Lair (8/8) D:10
 Shoals (2/4) Lair:6       Spider (0/4) Lair:3        Slime (0/6) Lair:8
    Orc (2/2) D:9             Elf (0/3) Orc:2        Vaults (0/5) D:14
 Depths (1/5) D:15

Altars:
Ashenzari
Cheibriados
Dithmenos
Elyvilon
Fedhas
Gozag
Kikubaaqudgha
Makhleb
Nemelex Xobeh
Okawaru
Pakellas
Qazlal
Ru
Sif Muna
Trog
Vehumet
Xom
Yredelemnul
Zin
The Shining One
Beogh

Shops:
D:8 :   D:13 [   D:15 =   Orc:2 %[*(=


Innate Abilities, Weirdness & Mutations

You cannot wear most types of armour.
You are amphibious.
You can wear up to eight rings at the same time.
You can use your tentacles to constrict eight enemies at once.
Your skin changes colour to match your surroundings (Stealth).
Your rubbery body absorbs attacks (AC +1).
One of your tentacles bears a spike.
Scrolls take you a little longer to read.
You are dopey. (Int -2)
Your magical capacity is very low (-20% MP).
You are robust (+10% HP).
Your spells are harder to cast, but more powerful.
You evolve.
You expend magic power (3 MP) to strengthen your wands.


Message History

Evoke which item? (* to show all) (? for menu, Esc to quit)
That item cannot be evoked!
Evoke which item? (* to show all) (? for menu, Esc to quit)
Aim the lamp in which direction?
Press: ? - help, Dir - move target cursor, f/p - water nymph
Aim: a water nymph (water, lightly wounded)
The flames dance!
The merfolk aquamancer casts a spell at you.
The ball of steam is repelled.
Evoke which item? (* to show all) (? for menu, Esc to quit)
Okay, then.
The water nymph is engulfed in a cloud of scalding steam.
The water nymph gestures at you while chanting.
The water swirls and strikes you!
* * * LOW HITPOINT WARNING * * *
The merfolk aquamancer is engulfed in a cloud of scalding steam.
The merfolk aquamancer points at you and mumbles some strange words.
The great wave of water hits you!
You die...
Fedhas appreciates your contribution to the ecosystem.

≈≈≈≈≈≈≈.≈.≈≈≈≈≈≈≈≈≈#
≈≈≈≈≈.≈m≈≈.≈≈≈≈≈≈≈≈#
.≈≈≈≈.P≈≈.≈≈≈≈≈≈≈≈≈#
.≈≈≈≈≈≈≈≈≈≈§§§≈≈≈≈≈#
.≈≈≈≈≈≈≈§§≈)≈§≈≈≈≈≈#
..≈≈≈≈≈≈§§)≈≈§≈≈≈≈≈#
..≈≈≈≈≈≈§≈≈≈§§§≈≈≈≈#
..≈≈≈≈≈≈§≈≈§≈§§§≈≈≈#
..≈≈≈≈≈≈§§§§§m§§@≈≈#
..≈≈≈P≈≈≈§≈≈§§§§≈≈≈#
.≈≈≈≈≈≈≈≈≈≈≈§§§§§≈≈#
.≈≈≈≈≈≈≈≈≈≈≈≈≈§≈§≈≈#
≈≈≈≈≈≈≈≈≈≈≈≈≈≈§m≈≈≈#
≈≈≈≈≈≈≈≈≈≈≈≈≈≈≈≈≈≈≈#
≈≈≈P≈≈≈≈≈≈≈≈≈≈≈≈≈≈≈#
≈≈≈≈≈≈≈≈≈≈≈≈≈≈≈≈≈≈≈#
≈≈≈≈≈≈≈≈≈≈≈≈≈≈≈≈≈≈≈#


You could see a merfolk aquamancer and a water nymph.

Vanquished Creatures
  A storm dragon (D:14)
  A sphinx (D:14)
  A tengu reaver (D:14)
  Maud (Orc:2)
  A frost giant (Depths:1)
  Louise (Shoals:1)
  Aizul (Shoals:1)
  The ghost of M4edhros the Geomancer, a journeyman OpAr of Fedhas (Lair:8)
  2 merfolk javelineers
  2 ettins
  Josephine (D:13)
  3 ogre magi (D:15)
  A fire dragon (Lair:8)
  8 vault guards (D:14)
  A catoblepas (Lair:6)
  A hydra (Lair:4)
  2 centaur warriors
  A satyr (Shoals:2)
  5 death yaks (Lair:8)
  2 orc high priests (Orc:2)
  A deep elf knight (D:15)
  A flayed ghost (D:14)
  6 sea snakes
  3 hill giants
  3 wandering mushrooms
  2 lindwurms (Lair:8)
  7 orc knights
  7 harpies (Shoals:1)
  7 fauns
  8 griffons
  7 ugly things
  A deep elf mage (Orc:2)
  2 water nymphs (Shoals:1)
  5 orc sorcerers
  5 manticores
  6 cyclopes
  3 sirens (Shoals:1)
  4 black mambas
  Maurice (Orc:1)
  2 elephants (Lair:8)
  An ice statue (D:11)
  A centaur skeleton (D:14)
  11 spiny frogs
  6 torpor snails (Lair:8)
  A molten gargoyle (Lair:3)
  An efreet (D:13)
  2 kobold demonologists
  A fire drake (Lair:1)
  3 komodo dragons
  28 orc warriors
  6 trolls
  3 merfolk
  A giant leech (Lair:8)
  2 jumping spiders (Lair:3)
  3 two-headed ogres
  3 polar bears (Lair:8)
  12 blink frogs
  2 slime creatures (D:15)
  2 snapping turtles (Shoals:1)
  A boulder beetle (Lair:5)
  A shadow (D:13)
  A spriggan (D:11)
  7 wraiths
  2 water elementals (Shoals:1)
  3 wyverns
  5 basilisks
  21 yaks
  12 hippogriffs
  3 hungry ghosts
  2 steam dragons
  5 vampire mosquitoes
  27 wolves
  2 wargs (Lair:8)
  A soldier ant (D:12)
  14 water moccasins
  10 porcupines
  2 hell hounds (Lair:8)
  An ice beast (D:6)
  2 wasps (Lair:8)
  5 sky beasts
  2 phantoms
  16 ogres
  10 black bears
  An eye of draining (D:12)
  8 centaurs
  12 crocodiles
  A big kobold (D:12)
  20 giant frogs
  2 wyvern skeletons (D:12)
  Dowan (D:4)
  A water moccasin skeleton (D:7)
  3 scorpions
  12 killer bees
  9 wights
  A vampire bat (Lair:1)
  7 electric eels
  5 lava snakes (Lair:3)
  3 crimson imps
  2 quasits (D:10)
  A jelly (D:13)
  A giant frog skeleton (D:12)
  8 orc priests
  9 hounds (Lair:8)
  17 orc wizards
  16 iguanas
  2 hell rats
  7 worker ants
  11 sheep
  A hound skeleton (D:6)
  2 mummies (D:12)
  Robin (D:2)
  5 adders
  12 gnolls
  39 river rats
  A shadow imp (D:12)
  4 oozes
  An adder skeleton (D:10)
  18 worms
  6 giant geckos
  55 orcs
  9 giant cockroaches
  23 goblins
  16 hobgoblins
  10 jackals
  7 quokkas
  A ball python (D:1)
  12 bats
  6 giant newts
  13 kobolds
  A quokka skeleton (D:4)
  9 rats
  A ballistomycete (Shoals:1)
  A fungus (Lair:8)
  8 giant spores
  3 toadstools
787 creatures vanquished.

Vanquished Creatures (collateral kills)
  Frances (D:13)
  An orc warlord (Orc:2)
  The ghost of Azzok the Grappler, a journeyman TrMo (Lair:6)
  Erolcha (D:8)
  A merfolk impaler (Shoals:2)
  The ghost of M4edhros the Prestidigitator, a journeyman OpAr of Fedhas (Orc:2)
  A catoblepas (D:13)
  5 hydras
  A merfolk avatar (Shoals:2)
  The ghost of Azzok the Grappler, a novice TrMo (D:10)
  A centaur warrior (D:12)
  2 merfolk aquamancers
  5 death yaks
  A tengu warrior (D:14)
  2 orc high priests (Orc:2)
  The ghost of Voda the Thrower, a novice OpHu of Trog (D:9)
  The ghost of Azzok the Grappler, a novice TrMo (D:7)
  A hill giant (D:12)
  2 orc knights
  A manticore (D:14)
  2 orc sorcerers (Orc:2)
  A griffon (Lair:3)
  A faun (Shoals:1)
  A cyclops (Shoals:2)
  3 ugly things (D:14)
  2 black mambas
  The ghost of Chiseanne the Skirmisher, a novice CeAE (D:6)
  2 elephants (Lair:8)
  A gargoyle (D:13)
  A torpor snail (Lair:8)
  A molten gargoyle (Lair:3)
  4 spiny frogs
  3 komodo dragons
  A yaktaur (D:15)
  7 polar bears
  A tengu conjurer (D:15)
  A freezing wraith (D:14)
  A troll (Orc:2)
  2 jumping spiders (Lair:3)
  4 merfolk (Shoals:1)
  Grinder (D:4)
  3 giant leeches (Lair:8)
  A raiju (Lair:8)
  2 slime creatures
  2 two-headed ogres (D:15)
  A boulder beetle (Lair:5)
  A blink frog (Lair:2)
  4 redbacks (Lair:3)
  A vampire (D:10)
  3 wraiths
  2 water elementals (D:14)
  A wyvern (Lair:5)
  14 yaks
  3 hungry ghosts
  A vampire mosquito (D:14)
  6 wargs
  20 wolves
  3 hippogriffs
  3 water moccasins
  2 hell hounds (Lair:8)
  Duvessa (D:4)
  2 porcupines
  5 orc warriors
  3 black bears (Lair:8)
  A wasp (Lair:8)
  An ice beast (D:12)
  4 ogres
  4 phantoms
  A sky beast (D:12)
  3 crocodiles
  3 centaurs
  8 giant frogs
  A gnoll sergeant (D:10)
  2 scorpions
  15 wights
  9 killer bees
  3 electric eels (D:14)
  A vampire bat (Lair:1)
  A jelly (D:6)
  5 hounds
  11 orc priests
  A giant frog skeleton (D:8)
  3 iguanas
  4 centaur skeletons
  11 orc wizards
  7 worker ants
  4 hell rats (Lair:7)
  15 sheep
  8 gnolls
  2 adders (D:5)
  6 river rats
  2 oozes (D:3)
  A worm (D:3)
  2 giant geckos (D:6)
  34 orcs
  2 bats (Lair:1)
  A giant cockroach (D:5)
  A hobgoblin (D:3)
  A jackal (D:9)
  5 quokkas
  25 giant spores
  A hyperactive ballistomycete (D:10)
365 creatures vanquished.

Vanquished Creatures (others)
  A harpy (Shoals:1)
  3 necrophages
  58 wandering mushrooms
  A wasp zombie (D:14)
  A killer bee zombie (D:10)
  A worker ant zombie (D:5)
  2 worms (Lair:8)
  A quokka (D:11)
  A giant cockroach zombie (D:5)
  47 ballistomycetes
  4 bushes (Lair:7)
  26 fungi
  21 giant spores
  A hyperactive ballistomycete (Shoals:1)
  48 plants
  1005 toadstools
1221 creatures vanquished.

Grand Total: 2373 creatures vanquished

Notes
Turn   | Place    | Note
--------------------------------------------------------------
     0 | D:1      | M4edhros the Octopode Artificer began the quest for the Orb.
     0 | D:1      | Reached XP level 1. HP: 13/13 MP: 3/3
   144 | D:1      | Reached XP level 2. HP: 5/18 MP: 4/4
   547 | D:2      | Reached XP level 3. HP: 12/23 MP: 5/5
   921 | D:3      | Reached XP level 4. HP: 25/28 MP: 6/6
   972 | D:4      | Reached skill level 4 in Stealth
  1061 | D:4      | Found a staircase to the Ecumenical Temple.
  1114 | Temple   | Entered the Ecumenical Temple
  1308 | Temple   | Became a worshipper of Xom the Tricky
  1315 | Temple   | Fell from the grace of Xom
  1315 | Temple   | Became a worshipper of Fedhas Madash
  1356 | D:4      | Noticed Duvessa
  1509 | D:3      | Found a sacrificial altar of Ru.
  1514 | D:3      | Found a shadowy altar of Dithmenos.
  1515 | D:3      | Found a shattered altar of Ashenzari.
  1515 | D:3      | Found a white marble altar of Elyvilon.
  1813 | D:2      | Noticed Robin
  1823 | D:2      | Killed Robin
  1823 | D:2      | Reached XP level 5. HP: 16/33 MP: 8/8
  2172 | D:2      | Reached * piety under Fedhas
  2290 | D:2      | XOM: summons 5 hostile shadow creatures
  2311 | D:2      | Found a stormy altar of Qazlal.
  2403 | D:2      | XOM: summons 1 hostile demon
  2605 | D:3      | XOM: noise
  2613 | D:3      | Reached skill level 1 in Invocations
  3024 | D:3      | XOM: medium Pois miscast
  3253 | D:3      | Reached ** piety under Fedhas
  3423 | D:3      | XOM: give mutation
  3423 | D:3      | Gained mutation: You are weak. (Str -2) [Xom's mischief]
  3580 | D:4      | Killed Duvessa
  3580 | D:4      | Reached XP level 6. HP: 31/38 MP: 9/9
  3591 | D:4      | Noticed Dowan
  3605 | D:4      | Killed Dowan
  3677 | D:4      | XOM: medium Conj miscast
  3792 | D:4      | Noticed Grinder
  3851 | D:4      | Killed Grinder
  3851 | D:4      | Reached skill level 5 in Dodging
  3851 | D:4      | Reached XP level 7. HP: 28/43 MP: 5/10
  4001 | D:5      | Entered Level 5 of the Dungeon
  4047 | D:5      | XOM: polymorph wandering mushroom -> wandering mushroom
  4241 | D:5      | Reached skill level 5 in Invocations
  4453 | D:5      | XOM: polymorph wandering mushroom -> wandering mushroom
  4726 | D:6      | XOM: mild Air miscast
  4727 | D:6      | Reached skill level 6 in Dodging
  4982 | D:6      | Noticed Chiseanne's ghost (novice CeAE)
  5004 | D:6      | Killed Chiseanne's ghost
  5004 | D:6      | Reached XP level 8. HP: 37/48 MP: 10/12
  5056 | D:6      | Reached *** piety under Fedhas
  5303 | D:6      | Reached skill level 7 in Dodging
  5529 | D:6      | XOM: medium Hex miscast
  5557 | D:6      | XOM: medium Conj miscast
  6556 | D:7      | Identified a scroll of acquirement
  6566 | D:7      | Reached skill level 8 in Dodging
  6566 | D:7      | Reached XP level 9. HP: 53/53 MP: 14/14
  6613 | D:7      | Noticed Azzok's ghost (novice TrMo)
  6622 | D:7      | Killed Azzok's ghost
  6846 | D:8      | XOM: noise
  6868 | D:8      | XOM: medium Conj miscast
  6959 | D:8      | Reached skill level 9 in Dodging
  6962 | D:8      | Noticed Erolcha
  6966 | D:8      | Killed Erolcha
  7240 | D:8      | Learned a level 2 spell: Repel Missiles
  7243 | D:8      | Learned a level 2 spell: Swiftness
  7246 | D:8      | Found Rolol's Book Boutique.
  7396 | D:8      | XOM: noise
  7490 | D:8      | Reached XP level 10. HP: 49/58 MP: 17/17
  7491 | D:8      | Reached **** piety under Fedhas
  7499 | D:8      | Reached skill level 10 in Dodging
  7499 | D:8      | Reached skill level 10 in Invocations
  7702 | D:8      | Found an opulent altar of Gozag.
  8256 | D:9      | Noticed Voda's ghost (novice OpHu)
  8380 | D:9      | Found a staircase to the Orcish Mines.
  8430 | D:9      | Lost mutation: You are weak. (Str -2) [mutagenic meat]
  8431 | D:9      | Gained mutation: You are weak. (Str -2) [mutagenic meat]
  8432 | D:9      | Gained mutation: You tend to lose your temper in combat. [mutagenic meat]
  8433 | D:9      | Gained mutation: You are partially covered in rough black scales (AC +4, Dex -1). [mutagenic meat]
  8434 | D:9      | Gained mutation: You are resistant to hostile enchantments. [mutagenic meat]
  8472 | D:9      | Found a roughly hewn altar of Beogh.
  8655 | D:9      | Found a burning altar of Makhleb.
  8655 | D:9      | Found a glowing golden altar of the Shining One.
  8656 | D:9      | Found an opulent altar of Gozag.
  8696 | D:9      | Reached skill level 5 in Evocations
  8951 | D:10     | Entered Level 10 of the Dungeon
  8965 | D:10     | Noticed a death yak
  9033 | D:10     | Found a staircase to the Lair.
  9042 | D:10     | Got a smoking jade ring
  9058 | D:10     | Noticed Azzok's ghost (novice TrMo)
  9067 | D:10     | Killed Azzok's ghost
  9067 | D:10     | Reached skill level 11 in Dodging
  9073 | D:10     | Killed a death yak
  9073 | D:10     | Reached XP level 11. HP: 63/63 MP: 10/19
  9090 | D:10     | XOM: medium Necr miscast
  9392 | D:10     | XOM: medium Ice miscast
  9591 | D:10     | Identified the ring "Unukhlis" {rCorr Dex+2 SInv} (You found it on level 10 of the Dungeon)
  9964 | D:10     | XOM: mild Trmt miscast
 10254 | D:11     | Noticed a brown ugly thing
 10273 | D:11     | Killed a brown ugly thing
 10301 | D:11     | XOM: noise
 10643 | D:11     | Noticed a brown ugly thing
 10740 | D:11     | Killed a brown ugly thing
 10759 | D:11     | Found a gateway to a bazaar.
 10932 | D:11     | Reached skill level 12 in Invocations
 11122 | D:10     | XOM: noise
 11327 | Lair:1   | Entered Level 1 of the Lair of Beasts
 11518 | Lair:1   | Reached skill level 1 in Slings
 11598 | Lair:1   | Lost mutation: You are weak. (Str -2) [potion of cure mutation]
 11598 | Lair:1   | Lost mutation: You tend to lose your temper in combat. [potion of cure mutation]
 11598 | Lair:1   | Lost mutation: You are resistant to hostile enchantments. [potion of cure mutation]
 11598 | Lair:1   | Lost mutation: You are partially covered in rough black scales (AC +4, Dex -1). [potion of cure mutation]
 11955 | Lair:1   | XOM: mild Trmt miscast
 11955 | Lair:1   | Was forgiven by Xom
 12716 | Lair:2   | Noticed a four-headed hydra
 12863 | Lair:2   | Killed a four-headed hydra
 13109 | Lair:2   | Noticed a four-headed hydra
 13119 | Lair:2   | Killed a four-headed hydra
 13119 | Lair:2   | Reached XP level 12. HP: 68/72 MP: 21/21
 13120 | Lair:2   | Reached ***** piety under Fedhas
 13466 | Lair:2   | Reached skill level 10 in Evocations
 13917 | Lair:3   | Found a deep blue altar of Sif Muna.
 14414 | Lair:3   | Reached skill level 5 in Fighting
 14468 | Lair:3   | Reached skill level 5 in Slings
 14935 | Lair:3   | Found a hole to the Spider Nest.
 15524 | Lair:4   | Gained mutation: One of your tentacles bears a spike. [potion of mutation]
 15524 | Lair:4   | Gained mutation: You have a pair of small antennae on your head. [potion of mutation]
 15524 | Lair:4   | Gained mutation: You expend magic power (3 MP) to strengthen your wands. [potion of mutation]
 16061 | Lair:4   | Noticed a five-headed hydra
 16074 | Lair:4   | Killed a five-headed hydra
 16455 | Lair:5   | Noticed a six-headed hydra
 16467 | Lair:5   | Killed a six-headed hydra
 16637 | Lair:5   | Reached XP level 13. HP: 83/83 MP: 22/22
 17186 | Lair:5   | Learned a level 3 spell: Regeneration
 17209 | Lair:5   | Learned a level 3 spell: Inner Flame
 17724 | Lair:6   | Found a staircase to the Shoals.
 17849 | Lair:6   | Reached skill level 1 in Hexes
 17877 | Lair:6   | Reached skill level 1 in Spellcasting
 18190 | Lair:6   | Noticed Azzok's ghost (journeyman TrMo)
 18229 | Lair:6   | Killed Azzok's ghost
 19060 | Lair:7   | Reached ****** piety under Fedhas
 19220 | Lair:7   | Reached skill level 13 in Evocations
 19833 | Lair:8   | Entered Level 8 of the Lair of Beasts
 19863 | Lair:8   | Found a staircase to the Slime Pits.
 19921 | Lair:8   | Noticed M4edhros's ghost (journeyman OpAr)
 19949 | Lair:8   | Killed M4edhros's ghost
 20211 | Lair:8   | Reached XP level 14. HP: 62/92 MP: 21/24
 21156 | Lair:8   | Reached skill level 14 in Evocations
 21427 | Lair:8   | Reached skill level 5 in Hexes
 22070 | Lair:8   | Found a runed door.
 23223 | D:9      | Killed Voda's ghost
 23235 | D:10     | Reached skill level 5 in Spellcasting
 23290 | Orc:1    | Entered Level 1 of the Orcish Mines
 23439 | Orc:1    | Noticed Maurice
 23453 | Orc:1    | Killed Maurice
 23576 | Orc:2    | Entered Level 2 of the Orcish Mines
 23589 | Orc:2    | Noticed Maud
 23629 | Orc:2    | Killed Maud
 24032 | Orc:2    | Noticed M4edhros's ghost (journeyman OpAr)
 24052 | Orc:2    | Killed M4edhros's ghost
 24130 | Orc:2    | Found Xecku's Food Emporium.
 24167 | Orc:2    | Bought 3 fruits for 49 gold pieces
 24167 | Orc:2    | Bought 3 fruits for 49 gold pieces
 24212 | Orc:2    | Reached XP level 15. HP: 76/101 MP: 5/26
 24222 | Orc:2    | Noticed an orc warlord
 24247 | Orc:2    | Reached skill level 15 in Evocations
 24303 | Orc:2    | Killed an orc warlord
 24457 | Orc:2    | Found a staircase to the Elven Halls.
 24498 | Orc:2    | Reached skill level 1 in Charms
 24741 | Orc:2    | Found Beus's General Store.
 24742 | Orc:2    | Found Igibuwudd's Jewellery Shop.
 24744 | Orc:2    | Found Jusea's Antique Armour Boutique.
 24744 | Orc:2    | Found Editioxi's Antique Weapon Boutique.
 24804 | Orc:2    | Bought the ring of the Harvest {SustAt *Contam rC++ MR+ Stlth+} for 761 gold pieces
 25581 | Bazaar   | Entered a bazaar
 25582 | Bazaar   | Found Juipti's General Store.
 25594 | Bazaar   | Found Eraaxez's Weapon Emporium.
 25598 | Bazaar   | Found Yvvybac's Gadget Shoppe.
 25602 | Bazaar   | Found Ahoulatz's General Store.
 25621 | Bazaar   | Found Ziskauth's Magic Scroll Shop.
 25657 | Bazaar   | Bought a +4 rod of destruction (11/11) for 1100 gold pieces
 25662 | Bazaar   | Bought a +1 greatsling of flaming for 442 gold pieces
 25682 | Bazaar   | Bought a potion of heal wounds for 75 gold pieces
 25986 | D:12     | HP: 1/102 [centaur warrior/arrow (20)]
 26856 | D:13     | Noticed Josephine
 26862 | D:13     | Killed Josephine
 26989 | D:13     | Gained mutation: You are clumsy. (Dex -2) [potion of mutation]
 26989 | D:13     | Gained mutation: Your flesh is cold resistant. [potion of mutation]
 26989 | D:13     | Gained mutation: You are robust (+10% HP). [potion of mutation]
 26990 | D:13     | Gained mutation: You occasionally shout uncontrollably at your foes. [potion of mutation]
 26990 | D:13     | Gained mutation: You are very clumsy. (Dex -4) [potion of mutation]
 26990 | D:13     | Lost mutation: You are robust (+10% HP). [potion of mutation]
 26991 | D:13     | Lost mutation: You occasionally shout uncontrollably at your foes. [potion of cure mutation]
 26991 | D:13     | Lost mutation: You have a pair of small antennae on your head. [potion of cure mutation]
 26991 | D:13     | Lost mutation: Your flesh is cold resistant. [potion of cure mutation]
 27006 | D:13     | Noticed Frances
 27035 | D:13     | Killed Frances
 27263 | D:13     | Reached skill level 10 in Slings
 27327 | D:13     | Found a flagged portal.
 27358 | Bailey   | Entered a bailey
 27496 | Bailey   | Found an iron altar of Okawaru.
 28267 | D:13     | Found King's Armour Shoppe.
 28532 | D:14     | Gained mutation: You evolve. [mutagenic meat]
 28950 | D:14     | Reached skill level 5 in Charms
 28968 | D:14     | Lost mutation: You are very clumsy. (Dex -4) [mutagenic meat]
 28970 | D:14     | Gained mutation: You are robust (+10% HP). [mutagenic meat]
 29075 | D:14     | Noticed a tengu reaver
 29087 | D:14     | Killed a tengu reaver
 29193 | D:14     | Noticed a sphinx
 29293 | D:14     | Killed a sphinx
 29370 | D:14     | Noticed a storm dragon
 29382 | D:14     | Killed a storm dragon
 29382 | D:14     | Reached XP level 16. HP: 108/118 MP: 7/27
 29402 | D:14     | Lost mutation: You are robust (+10% HP). [mutagenic meat]
 29403 | D:14     | Gained mutation: Your magical capacity is low (-10% MP). [mutagenic meat]
 29404 | D:14     | Gained mutation: You are robust (+10% HP). [mutagenic meat]
 29405 | D:14     | Lost mutation: You are clumsy. (Dex -2) [mutagenic meat]
 29407 | D:14     | Gained mutation: Scrolls take you a little longer to read. [mutagenic meat]
 29408 | D:14     | Gained mutation: You are dopey. (Int -2) [mutagenic meat]
 29409 | D:14     | Gained mutation: Your magical capacity is very low (-20% MP). [mutagenic meat]
 29433 | D:14     | Got a warped graven amulet
 29474 | D:14     | Identified the amulet "Caiwukh" {+Rage Dex+7} (You took it off a wight on level 14 of the Dungeon)
 29623 | D:14     | Found a gate to the Vaults.
 29845 | D:14     | Reached skill level 1 in Shields
 29966 | D:15     | Entered Level 15 of the Dungeon
 29985 | D:14     | Gained mutation: Your spells are a little harder to cast, but a little more powerful. [evolution]
 30265 | D:15     | Found a staircase to the Depths.
 30440 | D:15     | Found Suruhain's Jewellery Shoppe.
 30819 | Depths:1 | Entered Level 1 of the Depths
 30830 | Depths:1 | Noticed a storm dragon
 31116 | Shoals:1 | Entered Level 1 of the Shoals
 31145 | Shoals:1 | Noticed Louise
 31178 | Shoals:1 | Killed Louise
 31457 | Shoals:1 | Reached skill level 5 in Shields
 31967 | Shoals:1 | Noticed Aizul
 32476 | Shoals:1 | Killed Aizul
 32484 | Shoals:1 | Gained mutation: Your spells are harder to cast, but more powerful. [mutagenic meat]
 32587 | Shoals:1 | Learned a level 4 spell: Summon Lightning Spire
 33381 | Shoals:2 | Reached XP level 17. HP: 42/124 MP: 16/24
 33406 | Shoals:2 | Reached skill level 16 in Evocations
 33696 | Shoals:2 | Killed from afar by a merfolk aquamancer

Vault maps used:
D:1:      elethiomel_arrival_quiet
D:2:      grunt_qazlal_sundering, uniq_robin
D:3:      grunt_temple_overflow_open, first_bread, kennysheep_generic_room_6
D:4:      minmay_temple_entry_glassed_door, minmay_gold_behind_fungi,
          uniq_duvessa, uniq_grinder
D:5:      lemuel_upstairs_altar, minmay_misc_feat_enclosed
D:8:      serial_shops, shop_statue,
          nicolae_gozag_cash_rules_everything_around_me, uniq_erolcha
D:9:      nicolae_overflow_hidden_temple, minmay_orc_entry_temple_small
D:10:     dpeg_lair_monsters
D:11:     serial_shops, statue_bzr, the_bakery
D:12:     serial_undead, serial_undead_a, serial_undead_c, serial_undead_d,
          serial_undead_d
D:13:     enter_bailey_7, serial_shops, nicolae_shop_waterfront, uniq_josephine,
          uniq_frances
D:14:     cross_vault, erik_vaults_2, serial_glass, glass_columns_b,
          glass_columns_a, hangedman_decor_lopped
D:15:     hangedman_depths_entry_civil_slaughter, minmay_misc_feat_ornament,
          serial_shops, shop, hangedman_decor_clover_reticule
Temple:   oiseaux_autumnal_temple_12
Lair:1:   nicolae_quartered_pool_medium, minivault_24, roderic_batcave,
          infiniplex_staircase_pool
Lair:3:   cheibrodos_magma_flow, nicolae_spider_entry_tight_spaces, basic_altar,
          beast_lair_carwin_8
Lair:5:   boulder_dual_corridor_run, lemuel_fruit_tree, grunt_megastairs_2,
          lemuel_fruit_fields
Lair:6:   elwin_shoals_entry_rocks, minivault_19
Lair:7:   minmay_hedge_maze
Lair:8:   hangedman_lair_caniforms_friends, wormcave, slime_dummy,
          serial_bayou_shore_a
Shoals:1: uniq_louise, uniq_aizul
Shoals:2: nicolae_shoals_aquamancer_cove
Orc:1:    uniq_maurice
Orc:2:    st_orc_congregation, serial_shops, shop, uniq_maud
Depths:1: enter_ziggurat_c, hell_entry, nicolae_benzene_ring,
          kennysheep_decorative_pillar, hex_tiny, kennysheep_generic_room_11
Bazaar:   bazaar_kb_twisted_cavern
Bailey:   bailey_axe_of_yendor_kennysheep, bailey

Action                   |  1- 3 |  4- 6 |  7- 9 | 10-12 | 13-15 | 16-18 || total
-------------------------+-------+-------+-------+-------+-------+-------++-------
Melee: Short sword       |    40 |   134 |   101 |   147 |   146 |       ||   568
       Rod               |       |       |       |     2 |       |       ||     2
       Trident           |       |       |       |       |    82 |    36 ||   118
       Demon blade       |       |       |       |       |       |    22 ||    22
 Fire: Hunting sling     |       |       |   102 |   810 |  1592 |       ||  2504
       Greatsling        |       |       |       |       |   213 |   192 ||   405
Invok: Evolution         |       |     4 |     6 |    14 |    41 |     7 ||    72
       Sunlight          |       |       |       |     3 |     2 |     9 ||    14
       Reproduction      |       |       |       |     3 |    10 |     7 ||    20
       Rain              |       |       |       |       |     3 |     3 ||     6
Evoke: Wand              |     3 |     5 |     5 |    21 |    18 |    11 ||    63
       Rod               |       |       |     4 |    50 |   110 |   109 ||   273
       Fan of gales      |       |       |       |     1 |     1 |     1 ||     3
       Lamp of fire      |       |       |       |       |     2 |     2 ||     4
  Use: Potion            |       |     3 |       |     8 |    11 |     4 ||    26
       Scroll            |       |       |    14 |    10 |    13 |     5 ||    42
 Stab: Sleeping          |     2 |    15 |     5 |     7 |    13 |       ||    42
       Distracted        |       |     3 |       |       |     1 |     1 ||     5
       Confused          |       |       |       |     2 |     1 |     2 ||     5
  Eat: Meat ration       |       |     1 |     1 |     4 |     5 |       ||    11
       Pizza             |       |     1 |       |       |     2 |       ||     3
       Bread ration      |       |     1 |     1 |     1 |     2 |       ||     5
       Royal jelly       |       |       |     1 |     2 |       |     5 ||     8
       Chunk             |       |       |       |     5 |    11 |    17 ||    33
       Beef jerky        |       |       |       |       |     2 |     4 ||     6
